 Dungeon Crawl Stone Soup version 0.21.1-1-g345015f (webtiles) character file.

74 Fang the Chopper (level 4, -16/29 HPs)
             Began as a Gargoyle Berserker on May 20, 2018.
             Was a Believer of Trog.
             Demolished by a gnoll
             ... wielding a +2 spear of distortion
              (22 damage)
             ... on level 2 of the Dungeon.
             The game lasted 00:01:14 (1101 turns).

Fang the Chopper (Gargoyle Berserker)               Turns: 1101, Time: 00:01:15

Health: -16/29     AC:  5    Str: 22    XL:     4   Next: 28%
Magic:  4/4        EV: 12    Int:  7    God:    Trog [**....]
Gold:   118        SH:  0    Dex:  9    Spells: 3/3 levels left

rFire    . . .     SeeInvis .   a - +0 hand axe
rCold    . . .     Gourm    .   (no shield)
rNeg     + . .     Faith    .   b - +0 animal skin
rPois    ∞         Spirit   .   (no helmet)
rElec    +         Reflect  .   (no cloak)
rCorr    .         Harm     .   (no gloves)
MR       .....                  (no boots)
Stlth    ++........             (no amulet)
HPRegen  0.09/turn              h - ring of stealth
MPRegen  0.09/turn              (no ring)

@: berserk cooldown, slowed, very slow
A: negative energy resistance 1, electricity resistance, unbreathing,
petrification resistance, rot immunity, AC +3
a: Berserk, Trog's Hand, Burn Spellbooks, Renounce Religion


You were on level 2 of the Dungeon.
You worshipped Trog.
Trog was pleased with you.
You were near starving.

You visited 1 branch of the dungeon, and saw 2 of its levels.

You collected 118 gold pieces.

Inventory:

Hand Weapons
 a - a +0 hand axe (weapon)
Armour
 b - a +0 animal skin (worn)
Jewellery
 h - a ring of stealth (left hand)
Scrolls
 e - a scroll of teleportation {unknown}
 f - 3 scrolls of identify {unknown}
 i - a scroll of amnesia {unknown}
Potions
 d - a potion of curing {unknown}
 g - a potion of heal wounds {unknown}
Comestibles
 c - 3 rations


   Skills:
 + Level 3.8 Fighting
 + Level 3.9 Axes
 + Level 2.2 Armour
 + Level 2.0 Dodging
 + Level 0.3 Stealth


You had 3 spell levels left.
You didn't know any spells.

Dungeon Overview and Level Annotations

Branches:
Dungeon (2/15)

Altars:
Qazlal


Innate Abilities, Weirdness & Mutations

You are resistant to torment.
Your stone body is resilient. (AC +3)
You are immune to poison.
You resist negative energy. (rN+)
You are resistant to electric shocks. (rElec)
You can survive without breathing.
You are immune to petrification.
You are immune to rotting.


Message History

Unknown command.
You feel a strong urge to attack something.
Unknown command.
The gnoll barely misses you.
Items here: ) ? †† a spear; a scroll labeled DANTEEDD LILAR; a gnoll corpse x2
You slash the gnoll!
The gnoll is severely wounded.
The gnoll hits you with a spear of distortion.
* * * LOW HITPOINT WARNING * * *
You blink.
You feel a strong urge to attack something.
You are no longer berserk.
You are exhausted.
You feel yourself slow down.
The gnoll hits you from afar with a spear of distortion.
* * * LOW HITPOINT WARNING * * *
Space warps horribly around you!
Ouch! That really hurt!
You die...

# #.#.# .# # #.#.#
####.## ## #.#.#
#.....##### .###.#
#..#.#.#.#. .....#
#.#...#...#
...###.#
###.#.#.#.#.
.......#
#....#...#..
...#####
#.#)#.#.#%#. ....#
#######@.#...#...#
###.#
#.......#g#.#.#.#.
#>#
#.#####....#...#..
#.# #.#
#.#.#.#.#.#.
###.#### #.#
#..#...#...#
.....).# #.#
#.#.#.#.#.#.
###.##.# #.#
#....#...#. #.##.#
#.# ###.#.#.#.
#.##.# #.#
#.#...#..


You could see a gnoll.

Vanquished Creatures
  3 gnolls (D:2)
  A worm (D:2)
  A leopard gecko (D:2)
  A ball python (D:2)
  7 giant cockroaches
  A goblin (D:1)
  8 hobgoblins
  2 jackals (D:1)
  5 kobolds
  A quokka (D:2)
  2 frilled lizards (D:1)
  4 rats
36 creatures vanquished.

Notes
Turn   | Place    | Note
-------+----------+-------------------------------------------
     0 | D:1      | Fang the Gargoyle Berserker began the quest for the Orb.
     0 | D:1      | Reached XP level 1. HP: 14/14 MP: 1/1
   189 | D:1      | Reached XP level 2. HP: 14/19 MP: 2/2
   525 | D:2      | Reached XP level 3. HP: 15/24 MP: 3/3
   821 | D:2      | Reached ** piety under Trog
   893 | D:2      | Found a stormy altar of Qazlal.
  1092 | D:2      | Reached XP level 4. HP: 15/29 MP: 4/4
  1101 | D:2      | Demolished by a gnoll

Skill      XL: |  1  2  3  4 |
---------------+-------------+-----
Axes           | 3 |  3.9
Dodging        | 2 |  2.0
Fighting       | |  3.8
Armour         | |  2.2
Stealth        | |  0.3

Action                   |  1- 3 |  4- 6 || total
-------------------------+-------+-------++-------
Melee: Hand axe          |   112 |     3 ||   115
Invok: Berserk           |     1 |       ||     1
 Stab: Sleeping          |     1 |       ||     1
Armor: Animal skin       |    29 |       ||    29
Dodge: Dodged            |    87 |     3 ||    90
